 Dungeon Crawl Stone Soup version 0.23.2-1-ga50397a (webtiles) character file.

Game seed: 5366042416747198668

600 goulibeur the Distorting Demonspawn (level 7, 0/55 HPs)
             Began as a Demonspawn Abyssal Knight on May 17, 2019.
             Was a Believer of Lugonu.
             Succumbed to an orc wizard's poison
             ... on level 6 of the Dungeon on May 18, 2019.
             The game lasted 00:28:26 (4355 turns).

goulibeur the Distorting Demonspawn (DsAK)          Turns: 4355, Time: 00:28:30

Health: 0/55       AC: 14    Str: 12    XL:     7   Next: 18%
Magic:  12/12      EV:  6    Int: 13    God:    Lugonu [**....]
Gold:   133        SH:  0    Dex: 15    Spells: 6/6 levels left

rFire    . . .     SeeInvis .   p - +0 scimitar
rCold    . . .     Gourm    .   (no shield)
rNeg     . . .     Faith    .   m - +0 chain mail
rPois    .         Spirit   .   (no helmet)
rElec    .         Reflect  .   (no cloak)
rCorr    .         Harm     .   o - +1 pair of gloves
MR       .....                  s - +0 pair of boots
Stlth    ..........             (no amulet)
HPRegen  0.18/turn              (no ring)
MPRegen  0.13/turn              (no ring)

@: lethally poisoned (0 -> -29)
A: slimy green scales 1, powered by death 1, powered by pain 1
a: Depart the Abyss, Bend Space, Renounce Religion


You were on level 6 of the Dungeon.
You worshipped Lugonu.
Lugonu was pleased with you.
You were not hungry.

You visited 1 branch of the dungeon, and saw 5 of its levels.
You visited the Abyss 1 time.

You collected 253 gold pieces.
You spent 120 gold pieces at shops.

Inventory:

Hand Weapons
 p - a +0 scimitar (weapon)
Armour
 b - a +0 leather armour
 d - a +0 scale mail
 f - a +0 plate armour
 m - a +0 chain mail (worn)
 o - a +1 pair of gloves (worn)
 s - a +0 pair of boots (worn)
Wands
 h - a wand of paralysis (10)
Scrolls
 e - 3 scrolls of teleportation
 g - a scroll of noise {unknown}
 i - a scroll of amnesia {unknown}
 j - a scroll of magic mapping {unknown}
 k - a scroll of random uselessness {unknown}
 q - 3 scrolls of remove curse {unknown}
 u - a scroll of identify
Potions
 l - a potion of lignification
 n - 3 potions of berserk rage
 r - a potion of flight {unknown}
 t - 3 potions of heal wounds
 v - 2 potions of curing
Comestibles
 a - a chunk of flesh
 c - 4 rations


   Skills:
 + Level 4.5 Fighting
   Level 1.7 Short Blades
 + Level 3.5 Armour
 + Level 3.1 Dodging
 * Level 6.8 Invocations


You had 6 spell levels left.
You didn't know any spells.
Your spell library contained the following spells:

 Spells                   Type           Power        Failure   Level  Hunger
 Beastly Appendage        Tmut           #.....       100%        1    ##.....
 Sticks to Snakes         Tmut           #.......     100%        2    ###....
 Spider Form              Tmut/Pois      #.........   100%        3    ####...
 Ice Form                 Ice/Tmut       #.......     100%        4    #####..
 Blade Hands              Tmut           #.........   100%        5    ######.


Dungeon Overview and Level Annotations

Branches:
Dungeon (6/15)
 Temple: D:4-7

Altars:
Makhleb
Zin

Shops:
D:5 !


Innate Abilities, Weirdness & Mutations

You are partially covered in slimy green scales. (AC +2)
You regenerate a little health from kills.
You sometimes gain a little power by taking damage.


Message History

You closely miss the orc wizard.
The orc wizard is almost dead.
* * * LOW HITPOINT WARNING * * *
You feel very sick. The orc wizard barely misses you.
You riposte.
You hit the orc wizard but do no damage.
The orc wizard is almost dead.
The orc wizard casts a spell at you. You resist with some effort.
You slash the orc wizard!
You kill the orc wizard!
Lugonu accepts your kill.
* * * LOW HITPOINT WARNING * * *
You feel very sick.
* * * LOW HITPOINT WARNING * * *
You feel sick.
Things that are here:
a +1 dagger of venom; a cursed +0 robe; an orc corpse You butcher the orc corpse.
You die...

### #...#............. ###.##
#..#.............
#....###.<..(...........
##......................
........................
..#..)....>#.........###
..#........#............
........................
.........#......@.......
.......###............#.
......## #........##..#
#.....###........##......$#
#......#..................#
#Y5..........####.........##
. ##.o.#5.............
......#..
#.###..###......#.##.........
##.#...##..# #.#.###........


There were no monsters in sight!

Vanquished Creatures
  An orc warrior (D:5)
  An ice beast (D:5)
  An ogre (D:6)
  A bullfrog (D:5)
  2 crimson imps (D:5)
  A centaur skeleton (D:5)
  An orc wizard (D:6)
  Terence (D:2)
  A worker ant (D:5)
  A howler monkey zombie (D:5)
  An adder (D:5)
  A shadow imp (D:5)
  2 worms
  A dart slug (D:1)
  7 orcs
  6 bats
  4 giant cockroaches
  5 goblins
  3 hobgoblins
  8 jackals (D:2)
  2 quokkas (D:2)
  A frilled lizard (D:2)
  6 kobolds
  A leopard gecko zombie (D:6)
  2 quokka zombies
  5 rats
66 creatures vanquished.

Notes
Turn   | Place    | Note
-------+----------+-------------------------------------------
     0 | Abyss:1  | goulibeur the Demonspawn Abyssal Knight began the quest for
                  | the Orb.
     0 | Abyss:1  | Reached XP level 1. HP: 18/18 MP: 2/2
    20 | Abyss:1  | Noticed an earth elemental
    21 | D:1      | Escaped the Abyss
    87 | D:1      | Reached skill level 1 in Dodging
   254 | D:1      | Gained mutation: You sometimes gain a little power by
                  | taking damage. [demonic ancestry]
   254 | D:1      | Reached XP level 2. HP: 20/24 MP: 4/4
   268 | D:1      | Reached skill level 3 in Invocations
   415 | D:1      | Reached * piety under Lugonu
  1007 | D:2      | Found a burning altar of Makhleb.
  1007 | D:2      | Found a glowing silver altar of Zin.
  1008 | D:2      | Noticed an angel
  1008 | D:2      | Noticed a blizzard demon
  1053 | D:2      | Reached XP level 3. HP: 28/29 MP: 5/5
  1313 | D:2      | Noticed Terence
  1333 | D:2      | Killed Terence
  1598 | D:2      | Reached skill level 4 in Invocations
  1650 | D:2      | Reached XP level 4. HP: 35/35 MP: 7/7
  2385 | D:3      | You fall through a shaft for 2 floors!
  2385 | D:5      | Entered Level 5 of the Dungeon
  3114 | D:5      | Reached XP level 5. HP: 37/42 MP: 8/8
  3408 | D:5      | Found Oliprapn's Distillery.
  3422 | D:5      | Bought a potion of heal wounds for 75 gold pieces
  3422 | D:5      | Bought a potion of curing for 45 gold pieces
  3464 | D:5      | Reached ** piety under Lugonu
  3464 | D:5      | Reached skill level 5 in Invocations
  3558 | D:6      | Noticed an ogre
  3681 | D:6      | Killed an ogre
  3681 | D:6      | Gained mutation: You regenerate a little health from kills.
                  | [demonic ancestry]
  3681 | D:6      | Reached XP level 6. HP: 37/48 MP: 8/10
  3688 | D:6      | Noticed an orc warrior
  3696 | D:6      | Noticed an ice beast
  3771 | D:5      | Killed an orc warrior
  3968 | D:5      | Reached skill level 6 in Invocations
  4090 | D:5      | Killed an ice beast
  4090 | D:5      | Gained mutation: You are partially covered in slimy green
                  | scales. (AC +2) [demonic ancestry]
  4090 | D:5      | Reached XP level 7. HP: 19/55 MP: 10/12
  4355 | D:6      | Succumbed to an orc wizard's poison

Skill      XL: |  1  2  3  4  5  6 |
---------------+-------------------+-----
Dodging        | 1 2 3 |  3.1
Armour         | 2 3 |  3.5
Invocations    | 3 4 5 6 |  6.8
Fighting       | 4 |  4.5
Short Blades   | |  1.7

Action                   |  1- 3 |  4- 6 |  7- 9 || total
-------------------------+-------+-------+-------++-------
Melee: Short sword       |   174 |   219 |       ||   393
       Scimitar          |       |   110 |    21 ||   131
Invok: Depart the Abyss  |     1 |       |       ||     1
       Bend Space        |       |     1 |       ||     1
  Use: Scroll            |       |     4 |       ||     4
       Potion            |       |     1 |       ||     1
  Eat: Chunk             |     3 |     3 |       ||     6
       Ration            |       |     2 |       ||     2
Armor: Scale mail        |    79 |       |       ||    79
       Chain mail        |    31 |   214 |    25 ||   270
Dodge: Dodged            |    80 |   113 |     4 ||   197
       Rpst.: Scimitar   |       |    14 |     1 ||    15
